cohdb
Replays
Latest Replays
All Replays
Popular Replays
Top Player Replays
Match Explorer
How It Works
Community
CoH3 Stats
Reddit
Sign in to upload your games and track your stats! →
Sign in with Steam
Match 45518899
Unlisted
Match 45518899
Overview
Messages
Build Orders
End
Construct Barracks
Selects Armored Battlegroup
Selects Veteran Crews
1⁄4-ton 4x4 Truck
Riflemen Squad
Engineer Squad
Riflemen Squad
Riflemen Squad
Grenade Package
Infantry Support Center
Construct Medical Station
Construct Motor Pool
Selects Strength in Steel
M8 Greyhound Armored Car
M1 Anti-tank Gun Team
M1918 Browning Automatic Rifles
Bobr
nub
lisez hervé Couteau-Bégarie
.:PSG:. RedxWings
High Voltage
nre_nuker
小学猫
Mr.Wu
0
0
Comments
sign in to comment!
No comments posted yet!